 Dungeon Crawl Stone Soup version 0.25.0-11-g1f837a76a1 (webtiles) character file.

Game seed: 2144647349235943707

130 Lekan the Magician (level 4, 0/39 HPs)
             Began as a Troll Wizard on June 24, 2020.
             Was an Initiate of Vehumet.
             Slain by Terence
             ... wielding a +0 flail
              (6 damage)
             ... on level 1 of the Dungeon.
             The game lasted 00:13:11 (2934 turns).

Lekan the Magician (Troll Wizard)                   Turns: 2934, Time: 00:13:11

Health: 0/39       AC:  7    Str: 15    XL:     4   Next: 89%
Magic:  1/6        EV: 10    Int: 15    God:    Vehumet [......]
Gold:   83         SH:  0    Dex:  8    Spells: 5/8 levels left

rFire    + . .     SeeInvis .   (no weapon)
rCold    . . .     Gourm    +   (no shield)
rNeg     . . .     Faith    .   q - +1 robe {rF+}
rPois    .         Spirit   .   b - +0 hat
rElec    .         Reflect  .   (no cloak)
rCorr    .         Harm     .   (gloves unavailable)
MR       .....                  (boots unavailable)
Stlth    +.........             (no amulet)
HPRegen  0.53/turn              (no ring)
MPRegen  0.10/turn              (no ring)

@: very slightly contaminated
A: large, unfitting armour, claws 3, fast metabolism 3, gourmand, regeneration
1, shaggy fur 1, tough skin 3
a: Renounce Religion


You were on level 1 of the Dungeon.
You worshipped Vehumet.
Vehumet was noncommittal.
You were not hungry.

You visited 1 branch of the dungeon, and saw 2 of its levels.

You collected 83 gold pieces.

Inventory:

Missiles
 i - 18 poisoned darts (quivered)
Armour
 a - a +0 robe
 b - a +0 hat (worn)
 q - a +1 robe of fire resistance (worn)
Scrolls
 e - a scroll of enchant weapon {unknown}
 g - a scroll of identify {unknown}
 h - 3 scrolls of remove curse {unknown}
 o - a scroll of fog {unknown}
 p - a scroll of fear {unknown}
Potions
 c - a potion of mutation {unknown}
 f - a potion of invisibility {unknown}
 j - a potion of haste {unknown}
 k - a potion of magic {unknown}
 l - a potion of brilliance {unknown}
 m - a potion of stabbing {unknown}
 n - a potion of curing {unknown}
Comestibles
 d - 4 rations


   Skills:
 + Level 0.1 Fighting
 * Level 2.0 Armour
 + Level 1.6 Dodging
 + Level 1.1 Stealth
 + Level 0.6 Unarmed Combat
 * Level 2.6 Spellcasting
 * Level 1.4 Conjurations
 + Level 0.6 Summonings
   Level 0.6 Translocations


You had 5 spell levels left.
You knew the following spells:

 Your Spells              Type           Power        Failure   Level  Hunger
a - Magic Dart            Conj           #...         12%         1    #......
b - Call Imp              Summ           #.......     24%         2    ###....

Your spell library contained the following spells:

 Spells                   Type           Power        Failure   Level  Hunger
 Blink                    Tloc           N/A          24%         2    ###....
 Slow                     Hex            #.......     32%         2    ###....
 Conjure Flame            Conj/Fire      #.......     43%         3    ###....
 Mephitic Cloud           Conj/Pois/Air  #.......     45%         3    ###....


Dungeon Overview and Level Annotations

Branches:
Dungeon (2/15)

Altars:
Cheibriados
Fedhas
Gozag
Ru
Vehumet
Xom
Yredelemnul

Annotations:
D:1 Terence


Innate Abilities, Weirdness & Mutations

You are too large for most types of armour.
You have claws for hands.
Your metabolism is lightning-fast.
You like to eat raw meat.
Your natural rate of healing is unusually fast.
You are covered in fur. (AC +1)
You have extremely tough skin. (AC +3)


Message History

Terence hits you but does no damage.
You scratch Terence but do no damage.
Terence is heavily wounded.
Your crimson imp hits Terence but does no damage.
Terence hits you with a +0 flail.
* * * LOW HITPOINT WARNING * * *
Your crimson imp barely misses Terence.
Terence hits you with a +0 flail.
* * * LOW HITPOINT WARNING * * *
Your crimson imp hits Terence but does no damage.
You climb upwards.
You feel yourself speed up.
There is a stone staircase leading down here.
Terence shouts, "DIE!!!"
You barely miss Terence.
Terence is heavily wounded.
Terence closely misses you.
You scratch Terence.
Terence is severely wounded.
Terence hits you with a +0 flail.
You die...

......#.##.........#
#.....
...#.##.##..#.######
#÷....
......#.###.#.#
#....( ...#..#.#
#...# #.....
##.####.# ##..#####
#.....
##.#..#.####.>....#
#.....
...#..#...........#
#.....
##....#........@..#
######
....#.#.........@.#
#####.#.#########.#
......#.# ######.#
#######.# ##P#P##.#
#.###.P[#####
#.#P.#.P.P#
#....÷P..##
#..##..#..#
#####...###


You could see Terence.

Vanquished Creatures
  An iguana (D:2)
  Natasha (D:2)
  2 adders (D:2)
  A worm (D:2)
  A dart slug (D:1)
  3 leopard geckos
  5 goblins
  4 hobgoblins
  3 jackals (D:1)
  2 ball pythons
  8 bats
  3 frilled lizards
  2 kobolds (D:1)
  9 rats
45 creatures vanquished.

Vanquished Creatures (collateral kills)
  Jessica (D:2)
1 creature vanquished.

Vanquished Creatures (others)
  An adder (D:2)
1 creature vanquished.

Grand Total: 47 creatures vanquished

Notes
Turn   | Place    | Note
-------+----------+-------------------------------------------
     0 | D:1      | Lekan the Troll Wizard began the quest for the Orb.
     0 | D:1      | Reached XP level 1. HP: 16/16 MP: 2/2
   239 | D:1      | Reached XP level 2. HP: 21/24 MP: 0/4
  1146 | D:1      | Reached XP level 3. HP: 31/31 MP: 1/5
  1304 | D:2      | Learned a level 2 spell: Call Imp
  1463 | D:2      | Reached skill level 1 in Conjurations
  1544 | D:2      | Found a radiant altar of Vehumet.
  2050 | D:2      | Became a worshipper of Vehumet
  2134 | D:2      | Found a basalt altar of Yredelemnul.
  2247 | D:2      | Reached skill level 1 in Armour
  2342 | D:2      | Reached XP level 4. HP: 20/39 MP: 0/6
  2534 | D:2      | Found a blossoming altar of Fedhas.
  2535 | D:2      | Found a sacrificial altar of Ru.
  2538 | D:2      | Found a shimmering altar of Xom.
  2539 | D:2      | Found a snail-covered altar of Cheibriados.
  2540 | D:2      | Found an opulent altar of Gozag.
  2714 | D:2      | Noticed Jessica
  2717 | D:2      | Killed Jessica
  2793 | D:2      | Noticed Natasha
  2796 | D:2      | Noticed Terence
  2918 | D:2      | Killed Natasha
  2934 | D:1      | Slain by Terence

Illustrated notes

Levels and vault maps discovered:
D:1:      dpeg_arrival_rooms_b, layout_basic, minmay_shallow_snake_nest
D:2:      layout_basic, nicolae_overflow_crystal_walls, fiery_altar_vehumet,
          grunt_temple_overflow_open, uniq_natasha, uniq_jessica, uniq_terence

Skill      XL: |  1  2  3  4 |
---------------+-------------+-----
Conjurations   | 1 |  1.4
Armour         | 1 2 |  2.0
Fighting       | |  0.1
Dodging        | |  1.6
Stealth        | |  1.1
Unarmed Combat | |  0.6
Spellcasting   | |  2.6
Summonings     | |  0.6
Translocations | |  0.6

Action                   |  1- 3 |  4- 6 || total
-------------------------+-------+-------++-------
Melee: Unarmed           |    80 |    27 ||   107
 Cast: Magic Dart        |    77 |    17 ||    94
       Call Imp          |       |     8 ||     8
  Eat: Chunk             |    19 |     6 ||    25
       Ration            |     1 |       ||     1
Armor: Robe              |    43 |    14 ||    57
Dodge: Dodged            |    75 |    15 ||    90
